 Dungeon Crawl Stone Soup version 0.30.0-29-ga12c61a403 (webtiles) character file.

Game seed: 13720591531442988593

489 javelincjr the Ducker (level 7, 0/50 HPs)
             Began as a Djinni Hedge Wizard on June 12, 2023.
             Killed by divine providence
             ... invoked by an orc priest
              (16 damage)
             ... on level 4 of the Dungeon.
             The game lasted 00:21:11 (4030 turns).

javelincjr the Ducker (Djinni Hedge Wizard)         Turns: 4030, Time: 00:21:13

Health: 0/50       AC: 11    Str:  9    XL:     7   Next: 36%
Gold:   117        EV:  5    Int: 21    God:
                   SH:  0    Dex: 12

rFire   + + .        k - +1 dagger (drain)
rCold   x . .        (no shield)
rNeg    . . .        d - +0 chain mail of Marbles {Harm Int+3 Slay+2}
rPois   ∞            c - +0 hat
rElec   .            (no cloak)
rCorr   .            j - +0 pair of gloves
SInv    .            (boots unavailable)
Will    +....        (no amulet) Stlth
                     (no ring)
HPRegen 0.28/turn    (no ring)
MPRegen 0.00/turn

%: harm (+30% outgoing, +20% incoming), infuse magic (-1 HP)
@: flying, unable to read
A: sickness immunity, fire resistance 2, cold vulnerability 1, float, innate
caster, HP casting, extra vitality 1, iridescent scales 1, strong-willed 1,
inability to read after injury 1
a: no special abilities


You were on level 4 of the Dungeon.
You visited 1 branch of the dungeon, and saw 4 of its levels.

You collected 117 gold pieces.

Inventory:

Hand Weapons
 i - a +2 dagger of speed
 k - a +1 dagger of draining (weapon)
Armour
 b - a +0 robe
 c - a +0 hat (worn)
 d - the +0 chain mail of Marbles (worn) {Harm Int+3 Slay+2}
   (You found it on level 4 of the Dungeon)

   Int:       It affects your intelligence (+3).
   Slay:      It affects your accuracy & damage with ranged weapons and melee
   (+2).
   Harm:      It increases damage dealt and taken.
 j - a +0 pair of gloves (worn)
Scrolls
 f - a scroll of amnesia
 g - a scroll of butterflies {unknown}
 h - 4 scrolls of teleportation
Potions
 a - 2 potions of curing
 l - a potion of resistance


   Skills:
 * Level 3.3 Fighting
 * Level 2.2 Armour
 - Level 4.1 Dodging
 - Level 2.3 Stealth
 * Level 4.0 Spellcasting


You knew the following spells:

 Your Spells              Type           Power      Damage    Failure   Level
a - Magic Dart            Conj           84%        1d7       77%         1
b - Slow                  Hex            84%        N/A       77%         1
c - Blink                 Tloc           42%        N/A       88%         2
d - Call Imp              Summ           42%        N/A       88%         2
e - Mephitic Cloud        Conj/Pois/Air  21%        N/A       98%         3
f - Sandblast             Erth           42%        2d11      77%         1
g - Scorch                Fire           42%        2d6       88%         2
h - Summon Guardian Gole  Hex/Summ       21%        N/A       98%         3
Your spell library was empty.

Dungeon Overview and Level Annotations

Branches:
Dungeon (4/15)
 Temple: D:4-7

Altars:

Shops:
D:2 =


Innate Abilities, Weirdness & Mutations

You are immune to sickness and miasma.
You are immune to poison.
Your flesh is very heat resistant. (rF++)
You are vulnerable to cold. (rC-)
You float through the air rather than walking.
You learn spells naturally, not from books.
Your magical power is your life essence.
You have superior vitality. (+4 MHP)
You are partially covered in iridescent scales. (AC +2)
You are strong-willed. (Will+)
You occasionally lose the ability to read scrolls when taking damage.


Message History

The orc priest hits you but does no damage.
The orc wizard hits you but does no damage.
You hit the orc wizard.
The orc wizard is severely wounded.
The orc priest hits you with a +0 war axe!
The orc wizard hits you but does no damage.
Your magical contamination has completely faded away.
You hit the orc wizard. Your punch misses the orc wizard.
The orc wizard is almost dead.
The orc priest barely misses you.
The orc wizard hits you but does no damage.
You hit the orc wizard but do no damage.
The orc wizard is almost dead.
The orc priest hits you with a +0 war axe.
The orc wizard mumbles some strange words.
The orc wizard flickers and vanishes!
Deactivating autopickup; reactivate with Ctrl-A.
You hit something but do no damage.
The orc priest hits you but does no damage.
You hear some strange, mumbled words.
A magic dart appears from out of thin air!
The magic dart hits you!
You hit something.
The orc priest hits you but does no damage.
Something hits you but does no damage.
You completely miss something.
The orc priest hits you with a +0 war axe.
Something hits you but does no damage.
You barely miss something.
The orc priest hits you with a +0 war axe.
You hear some strange, mumbled words.
A magic dart appears from out of thin air!
The magic dart hits you.
You hit something.
Reactivating autopickup.
You feel a bit more experienced.
The orc priest mumbles some strange prayers to Beogh against you.
Beogh smites you!
You feel threatened and lose the ability to read scrolls!
You die...

...................#.## .#
....8.........8.....#.## .#
.....................#.## ..#
.....8.......8........#.##...#o
.......................#.o....o
......................)o#
########............##.....#
...#......o..##.##..#
...#.....@).....# .##
............#.....#
..........##.....
..#.....###..##.. # #...... #..
.. ###...# ##.## ##


You could see an orc priest.

Vanquished Creatures
  The ghost of hawla the Firebug, a weakling DEFE (D:3)
  2 bullfrog skeletons (D:3)
  An iguana (D:4)
  4 orc wizards
  Natasha (thrice) (D:3)
  A killer bee zombie (D:3)
  4 gnolls
  4 adders
  An ufetubus (D:4)
  2 worms (D:3)
  A dart slug (D:1)
  18 orcs
  5 ball pythons
  6 bats
  8 endoplasms
  6 giant cockroaches
  4 goblins
  3 hobgoblins
  2 jackals (D:3)
  4 kobolds
  A quokka (D:3)
  3 frilled lizards
  9 rats
93 creatures vanquished.

Vanquished Creatures (collateral kills)
  A gnoll (D:2)
  A dart slug (D:1)
  An endoplasm (D:3)
  A kobold (D:2)
4 creatures vanquished.

Grand Total: 97 creatures vanquished

Notes
Turn   | Place    | Note
-------+----------+-------------------------------------------
     0 | D:1      | javelincjr the Djinni Hedge Wizard began the quest for the
                  | Orb.
     0 | D:1      | javelincjr set off with the following spells memorised:
                  | Magic Dart, Slow, Blink, Call Imp, Mephitic Cloud.
     0 | D:1      | Reached XP level 1. HP: 15/15 MP: 0/0
   141 | D:1      | Reached XP level 2. HP: 21/21 MP: 0/0
   673 | D:1      | Reached XP level 3. HP: 25/25 MP: 0/0
   673 | D:1      | Learned a level 1 spell: Sandblast
  1228 | D:2      | Reached XP level 4. HP: 15/31 MP: 0/0
  1574 | D:2      | Found a faded altar of an unknown god.
  1656 | D:2      | Found Lytes Fetess's Jewellery Boutique.
  2155 | D:3      | Reached skill level 1 in Fighting
  2155 | D:3      | Reached XP level 5. HP: 34/37 MP: 0/0
  2155 | D:3      | Learned a level 2 spell: Scorch
  2201 | D:3      | Noticed Natasha
  2215 | D:3      | Killed Natasha
  2372 | D:3      | Reached skill level 1 in Armour
  2712 | D:3      | Noticed Natasha
  2723 | D:3      | Killed Natasha
  2724 | D:3      | Reached XP level 6. HP: 23/43 MP: 0/0
  2907 | D:3      | Found a runed translucent gate.
  2907 | D:3      | Found a runed translucent gate.
  2908 | D:3      | Found a runed translucent gate.
  2927 | D:3      | Noticed Natasha
  2930 | D:3      | Killed Natasha
  2936 | D:3      | Noticed hawla's ghost (weakling DEFE)
  2942 | D:3      | Gained mutation: You occasionally lose the ability to read
                  | scrolls when taking damage. [potion of mutation]
  2942 | D:3      | Gained mutation: You are strong-willed. (Will+) [potion of
                  | mutation]
  2942 | D:3      | Gained mutation: You are partially covered in iridescent
                  | scales. (AC +2) [potion of mutation]
  3397 | D:3      | Killed hawla's ghost
  3402 | D:3      | Reached XP level 7. HP: 27/49 MP: 0/0
  3402 | D:3      | Learned a level 3 spell: Summon Guardian Golem
  3682 | D:4      | Identified the +0 chain mail of Marbles {Harm Int+3 Slay+2}
  4030 | D:4      | Killed from afar by an orc priest

Illustrated notes

Levels and vault maps discovered:
D:1:      heliophobic_arrival_ceremonial_halls, layout_basic,
          serial_park_tiny_pond
D:2:      layout_basic, serial_shops, nicolae_shop_rolling_square,
          shapermc_ecumenical_altar_mp_highgroup
D:3:      layout_loops_corners, portal_sewer_entry_b,
          gammafunk_ghost_necromancy, uniq_natasha
D:4:      wad_pebble_path, layout_cave_pools, grunt_decor_one_mirror

Skill      XL: |  1  2  3  4  5  6  7 |
---------------+----------------------+-----
Stealth        | 2 |  2.3
Dodging        | 3 4 |  4.1
Spellcasting   | 3 4 |  4.0
Fighting       | 1 2 3 |  3.3
Armour         | 1 2 |  2.2

Action                     |  1- 3 |  4- 6 |  7- 9 || total
---------------------------+-------+-------+-------++-------
  Melee: Dagger            |    12 |    26 |    63 ||   101
         Punch             |       |       |     2 ||     2
   Cast: Magic Dart        |    48 |    48 |     2 ||    98
         Call Imp          |    12 |    18 |     2 ||    32
         Sandblast         |     6 |    10 |     1 ||    17
         Mephitic Cloud    |     1 |       |       ||     1
         Scorch            |       |    36 |     4 ||    40
         Blink             |       |     1 |       ||     1
         Summon Guardian G |       |       |     2 ||     2
    Use: Scroll            |       |     6 |     1 ||     7
         Potion            |       |     3 |     2 ||     5
   Stab: Sleeping          |     1 |     1 |       ||     2
 Armour: Robe              |     6 |    18 |     1 ||    25
         Chain mail        |       |       |    37 ||    37
  Dodge: Dodged            |     8 |    53 |    24 ||    85
